 Dungeon Crawl Stone Soup version 0.18-a0-731-ga019a5f (webtiles) character file.

19844 4thArraOfDagon the Grappler (level 12, -6/107 HPs)
             Began as a Hill Orc Monk on Dec 9, 2015.
             Was a High Priest of Cheibriados.
             Mangled by a catoblepas (8 damage)
             ... on level 6 of the Lair of Beasts.
             The game lasted 00:35:05 (5553 turns).

4thArraOfDagon the Grappler (Hill Orc Monk)         Turns: 5553, Time: 00:35:05

Health: -6/107     AC: 10    Str: 28    XL:     12   Next: 73%
Magic:  20/20      EV:  2    Int: 29    God:    Cheibriados [*****.]
Gold:   601        SH:  0    Dex: 31    Spells: 1 memorised, 12 levels left

rFire  . . .     SeeInvis .       - Unarmed
rCold  + . .     Clarity  .     I - +2 troll leather armour
rNeg   + + +     SustAt   .     (no shield)
rPois  ∞         Gourm    .     G - +0 helmet
rElec  .         Spirit   .     s - +0 cloak
rCorr  .         Dismiss  .     a - +0 pair of gloves
rMut   .         Stasis   .     (no boots)
MR     .....                    (no amulet)
Stlth  +++.......               S - +3 ring of intelligence
                                g - ring "Fufaprok" {rC+ AC+1 Int+2 Dex+5}

@: petrified, very slow, not resistant to hostile enchantments, fairly stealthy
A: no striking features
a: Bend Time, Temporal Distortion, Slouch, Step From Time, Renounce Religion


You were on level 6 of the Lair of Beasts.
You worshipped Cheibriados.
Cheibriados was extremely pleased with you.
You were not hungry.

You visited 2 branches of the dungeon, and saw 21 of its levels.
You also visited: Labyrinth and Ice Cave.

You collected 601 gold pieces.

Inventory:

Hand Weapons
 R - a +2 broad axe of freezing
Missiles
 A - 4 javelins of returning (quivered)
Armour
 a - a +0 pair of gloves (worn)
 j - a +2 chain mail of poison resistance
 s - a +0 cloak (worn)
 y - a +2 large shield
 G - a +0 helmet (worn)
 I - a +2 troll leather armour (worn)
Jewellery
 g - the ring "Fufaprok" (left hand) {rC+ AC+1 Int+2 Dex+5}
   (You found it on level 14 of the Dungeon)

   [ring of protection]

   It affects your AC (+1).
   It affects your intelligence (+2).
   It affects your dexterity (+5).
   It protects you from cold.
 h - an uncursed ring of ice
 r - an uncursed ring of fire
 x - an uncursed amulet of dismissal
 E - an uncursed ring of fire
 S - a +3 ring of intelligence (right hand)
Wands
 i - a wand of flame (5)
 m - a wand of confusion (8)
 n - a wand of slowing (2)
 p - a wand of teleportation (4)
 u - a wand of slowing (13)
 z - a wand of lightning (11)
 B - a wand of random effects (16)
 C - a wand of magic darts (33)
 L - a wand of frost (38)
 M - a wand of polymorph (11)
 U - a wand of draining (5)
Scrolls
 d - 2 scrolls of fog
 e - 3 scrolls of magic mapping {unknown}
 k - a scroll of vulnerability {unknown}
 o - a scroll of recharging {unknown}
 q - a scroll of enchant weapon {unknown}
 t - a scroll of amnesia {unknown}
 w - a scroll of remove curse
 F - 2 scrolls of noise {unknown}
 J - a scroll of identify
Potions
 f - a potion of brilliance
 l - a potion of resistance
 v - 2 potions of flight
 H - a potion of haste
 K - a potion of curing
 P - a potion of agility
 T - a potion of invisibility
Books
 N - a book of Changes

   Spells                             Type                      Level
   a - Beastly Appendage              Transmutation                1
   b - Sticks to Snakes               Transmutation                2
   c - Spider Form                    Transmutation/Poison         3
   d - Ice Form                       Ice/Transmutation            4
   e - Blade Hands                    Transmutation                5
 O - a book of the Sky

   Spells                             Type                      Level
   a - Summon Lightning Spire         Summoning/Air                4
   b - Airstrike                      Air                          4
   c - Silence                        Hexes/Air                    5
   d - Deflect Missiles               Charms/Air                   6
   e - Conjure Ball Lightning         Conjuration/Air              6
   f - Tornado                        Air                          9
 Q - a book of the Warp

   Spells                             Type                      Level
   a - Recall                         Summoning/Translocation      3
   b - Gell's Gravitas                Hexes/Translocation          3
   c - Force Lance                    Conjuration/Translocation    4
   d - Phase Shift                    Translocation                5
   e - Warp Weapon                    Charms/Translocation         5
   f - Summon Forest                  Summoning/Translocation      5
Miscellaneous
 D - a lamp of fire
Comestibles
 b - 10 bread rations
 c - 6 meat rations
 V - 4 chunks of flesh


   Skills:
 + Level 10.3 Fighting
 + Level 7.2 Dodging
 - Level 1.5 Stealth
 + Level 6.1 Shields
 * Level 13.0 Unarmed Combat
 + Level 2.5 Spellcasting
 + Level 2.4 Transmutations
 + Level 10.7 Invocations
 - Level 6.5 Evocations


You had 12 spell levels left.
You knew the following spells:

 Your Spells              Type           Power        Failure   Level  Hunger
a - Ice Form              Ice/Trmt       ##......     65%         4    ####...


Dungeon Overview and Level Annotations

Branches:
Dungeon (15/15)            Temple (0/1) D:7            Lair (6/8) D:11
  Swamp (0/4) Lair:3
  Snake: Lair:3-6    Spider: Lair:3-6     Slime: Lair:6-8       Orc: D:9-12
 Vaults: D:13-14     Depths: D:15

Altars:
Ashenzari
Cheibriados
Fedhas
Gozag
Makhleb
Nemelex Xobeh
Okawaru
Pakellas
Trog
Vehumet
Xom
Yredelemnul
The Shining One

Annotations:
D:11 Fannar
D:13 Frances


Message History

* * * LOW HITPOINT WARNING * * *
Unknown command.
You are engulfed in calcifying dust.
You are slowing down.
Your limbs are stiffening.
Unknown command.
Unknown command.
You have turned to stone.
The catoblepas gores you!!
* * * LOW HITPOINT WARNING * * *
The catoblepas breathes a plume of calcifying dust at you.
The blast of calcifying dust hits you!
You are engulfed in calcifying dust.
The catoblepas gores you!!
* * * LOW HITPOINT WARNING * * *
You are engulfed in calcifying dust.
The catoblepas gores you!!
* * * LOW HITPOINT WARNING * * *
You are engulfed in calcifying dust.
The catoblepas gores you!
* * * LOW HITPOINT WARNING * * *
The catoblepas gores you!
You die...
PP

### P... ##.# ....#
####†### ....#.##..†#..##
..#.......†.##.######
.........§.......#...#
...P......§....#.....
...##......@.......#
....P.......Y.....###
..................#.##
...................#.##
....................?.#
...............†...)..#
..........†.....†....P#
.............#.....#PP#
...<........####.....PP.#


You could see a catoblepas.

Vanquished Creatures
  A vault guard (D:13)
  3 hill giants
  2 unseen horrors (D:13)
  A griffon (Lair:6)
  A moth of wrath (shapeshifter) (D:13)
  A black mamba (Lair:3)
  2 spiny frogs
  3 ice statues (IceCv)
  A yaktaur (D:13)
  A centaur skeleton (D:11)
  3 trolls
  14 blink frogs
  2 freezing wraiths (D:13)
  A centaur simulacrum (D:13)
  A wyvern (D:14)
  15 yaks
  A basilisk (Lair:6)
  3 hippogriffs
  3 porcupines
  A soldier ant (D:11)
  8 wolves
  2 water moccasins (Lair:5)
  9 ice beasts
  A necrophage (D:7)
  3 phantoms
  A black bear (D:13)
  2 orc warriors
  6 ogres
  3 centaurs
  A crocodile (D:11)
  A big kobold (D:10)
  9 giant frogs
  3 killer bees (D:8)
  A crimson imp (D:5)
  9 wights
  2 jellies
  A giant frog zombie (D:6)
  A hound (D:10)
  5 orc priests
  2 giant frog skeletons
  5 iguanas
  9 worker ants
  6 orc wizards (D:8)
  8 sheep (Lair:4)
  A hound skeleton (D:6)
  A hound zombie (D:8)
  5 worker ant zombies (D:6)
  47 river rats
  8 adders
  4 shadow imps
  An adder skeleton (D:6)
  2 adder zombies
  2 giant geckos
  31 orcs
  3 ball pythons (D:3)
  5 giant cockroaches
  A hobgoblin (D:1)
  8 jackals
  2 quokkas
  A bat (D:2)
  A giant gecko skeleton (D:7)
  A giant newt (D:3)
  4 goblins
  8 kobolds
  A quokka skeleton (D:6)
295 creatures vanquished.

Vanquished Creatures (collateral kills)
  A cyclops (D:14)
1 creature vanquished.

Vanquished Creatures (others)
  A plant (Lair:5)
1 creature vanquished.

Grand Total: 297 creatures vanquished

Notes
Turn   | Place    | Note
--------------------------------------------------------------
     0 | D:1      | 4thArraOfDagon the Hill Orc Monk began the quest for the Orb.
     0 | D:1      | Reached XP level 1. HP: 19/19 MP: 1/1
     0 | D:1      | HOMO
     0 | D:1      | im not a HOMO
     0 | D:1      | ok
     0 | D:1      | i am...
   179 | D:3      | Found a snail-covered altar of Cheibriados.
   184 | D:3      | Became a worshipper of Cheibriados the Contemplative
   184 | D:3      | Reached * piety under Cheibriados
   184 | D:3      | Reached ** piety under Cheibriados
   215 | D:3      | Found a basalt altar of Yredelemnul.
   232 | D:3      | Noticed an orc wizard
   239 | D:3      | Reached XP level 2. HP: 16/27 MP: 2/2
   395 | D:2      | Found a burning altar of Makhleb.
   460 | D:2      | Reached XP level 3. HP: 33/33 MP: 3/3
   484 | D:2      | Found a faded altar to an unknown god.
   488 | D:2      | Reached skill level 1 in Invocations
   538 | D:2      | Found a blossoming altar of Fedhas.
   613 | D:3      | Reached skill level 5 in Unarmed Combat
   613 | D:3      | Reached XP level 4. HP: 29/40 MP: 3/5
   728 | D:4      | Reached *** piety under Cheibriados
   814 | D:5      | Entered Level 5 of the Dungeon
   875 | D:5      | Found a glowing golden altar of the Shining One.
   919 | D:4      | Found a shattered altar of Ashenzari.
   995 | D:5      | Reached XP level 5. HP: 45/47 MP: 6/6
  1161 | D:6      | Reached XP level 6. HP: 17/55 MP: 8/8
  1299 | D:6      | Reached skill level 5 in Fighting
  1299 | D:6      | Reached skill level 6 in Unarmed Combat
  1319 | D:6      | Reached **** piety under Cheibriados
  1493 | D:7      | Found an oddly glowing altar of Pakellas.
  1501 | D:7      | Reached XP level 7. HP: 59/61 MP: 9/9
  1559 | D:7      | Reached skill level 7 in Unarmed Combat
  1795 | D:7      | Found a radiant altar of Vehumet.
  1807 | D:7      | Found a staircase to the Ecumenical Temple.
  1869 | D:8      | Reached XP level 8. HP: 70/70 MP: 11/11
  1948 | D:8      | Reached skill level 5 in Invocations
  2149 | D:8      | Reached skill level 8 in Unarmed Combat
  2187 | D:8      | Reached ***** piety under Cheibriados
  2426 | D:9      | Reached XP level 9. HP: 76/79 MP: 13/13
  2452 | D:9      | Reached skill level 9 in Unarmed Combat
  2457 | D:9      | :/
  2464 | D:9      | Found a sparkling altar of Nemelex Xobeh.
  2464 | D:9      | Found an opulent altar of Gozag.
  2530 | D:9      | Reached skill level 5 in Dodging
  2605 | D:9      | Found an iron altar of Okawaru.
  2693 | D:9      | Found a bloodstained altar of Trog.
  2731 | D:10     | Entered Level 10 of the Dungeon
  2884 | D:10     | Reached skill level 1 in Evocations
  2906 | D:10     | Reached skill level 10 in Unarmed Combat
  3034 | D:12     | You fall through a shaft for 2 floors!
  3034 | D:14     | Noticed a cyclops
  3039 | D:14     | Killed a cyclops
  3039 | D:14     | Reached XP level 10. HP: 69/89 MP: 15/15
  3097 | D:14     | Reached skill level 1 in Shields
  3139 | D:14     | Got a clouded amber ring
  3140 | D:14     | Identified the ring "Fufaprok" {rC+ AC+1 Int+2 Dex+5} (You found it on level 14 of the Dungeon)
  3209 | D:14     | Noticed a cyan ugly thing
  3209 | D:14     | Noticed a cyan ugly thing
  3213 | D:14     | Noticed a hill giant
  3224 | D:14     | Noticed a cyan ugly thing
  3224 | D:14     | Killed a hill giant
  3225 | D:14     | Noticed a cyan ugly thing
  3227 | D:14     | Noticed a cyan ugly thing
  3227 | D:14     | Noticed a hill giant
  3253 | D:13     | Killed an unseen horror
  3309 | D:13     | Found a shimmering altar of Xom.
  3309 | D:13     | Found a shimmering altar of Xom.
  3309 | D:13     | Noticed a green ugly thing
  3310 | D:13     | Found a shimmering altar of Xom.
  3310 | D:13     | Found a shimmering altar of Xom.
  3310 | D:13     | Noticed Frances
  3314 | D:13     | Noticed a hill giant
  3323 | D:13     | Killed a hill giant
  3332 | D:13     | Reached skill level 11 in Unarmed Combat
  3377 | D:13     | Noticed a manticore
  3385 | D:13     | Reached skill level 5 in Evocations
  3385 | D:13     | Reached XP level 11. HP: 25/97 MP: 17/17
  3461 | D:13     | Killed an unseen horror
  3548 | D:13     | Noticed a centaur warrior
  3548 | D:13     | Noticed a hill giant
  3549 | D:13     | Noticed a ghost crab
  3558 | D:13     | Noticed a vault guard
  3558 | D:13     | Noticed a vault guard
  3558 | D:13     | Noticed a vault guard
  3558 | D:13     | Noticed a vault guard
  3560 | D:13     | RIP
  3560 | D:13     | was good char
  3561 | D:13     | Noticed a vault guard
  3562 | D:13     | Noticed a vault guard
  3615 | D:15     | Entered Level 15 of the Dungeon
  3615 | D:15     | Noticed a wizard
  3648 | D:13     | Killed a vault guard
  3651 | D:13     | Noticed a vault guard
  3901 | D:11     | Found a staircase to the Lair.
  3904 | D:11     | Noticed a hill giant
  3909 | D:11     | Noticed a five-headed hydra
  3913 | D:11     | Noticed Fannar
  3920 | D:11     | Killed a hill giant
  3938 | Lair:1   | Entered Level 1 of the Lair of Beasts
  4313 | Lair:3   | Found a labyrinth entrance.
  4378 | Lab      | Entered a labyrinth
  4551 | Lab      | Noticed a minotaur
  4585 | Lair:3   | Learned a level 4 spell: Ice Form
  4633 | Lair:3   | Found a staircase to the Swamp.
  4670 | Lair:4   | Found a frozen archway.
  4697 | IceCv    | Entered an ice cave
  4708 | IceCv    | Reached skill level 12 in Unarmed Combat
  4852 | IceCv    | Reached skill level 5 in Shields
  4852 | IceCv    | Reached skill level 10 in Invocations
  4889 | IceCv    | Reached skill level 10 in Fighting
  4889 | IceCv    | Reached XP level 12. HP: 85/106 MP: 19/19
  4975 | Lair:5   | Reached skill level 1 in Transmutations
  4989 | Lair:5   | Reached skill level 1 in Spellcasting
  5524 | Lair:6   | Reached skill level 13 in Unarmed Combat
  5541 | Lair:6   | Noticed a catoblepas
  5551 | Lair:6   | HP: 5/107 [catoblepas (9)]
  5552 | Lair:6   | HP: 1/107 [catoblepas (5)]
  5553 | Lair:6   | Mangled by a catoblepas

Vault maps used:
D:1:      dpeg_arrival_houses_and_road
D:2:      fedhas_altar_fruit_tree, lemuel_round_altar, ecumenical_altar_2,
          first_bread
D:3:      led_sif_book, lemuel_doored_altar, yredelemnul_altar_generic
D:4:      ashenzari_altar_1
D:5:      nicolae_tso_carved_into_rock, minivault_19
D:6:      serial_undead, serial_undead_d, serial_undead_c, serial_undead_f,
          serial_undead_b, serial_undead_a, serial_undead_d
D:7:      kennysheep_six_static_rooms, grunt_pakellas_salt,
          lemuel_crystal_altar, minmay_temple_entry_butterflies
D:8:      hangedman_tree_tricks
D:9:      grunt_temple_overflow_opulence, okawaru_trees_2, bloody_trog
D:11:     dpeg_lair_monsters, orc_0_dummy, uniq_josephine, uniq_fannar,
          uniq_erolcha
D:13:     minmay_stepped, erik_vaults_2, xom_redecorated, uniq_frances
D:14:     nrook_pool_corridor, makhleb_altar_promises_db
D:15:     gammafunk_depths_entry_grave, minmay_stone_trees_medium
Lair:2:   minmay_holes, grunt_forest_stairs_basic, grunt_megastairs_3,
          lemuel_fruit_fields, uniq_gastronok
Lair:3:   swamp_mist_pool, minmay_snake_entry_six_corridors, lab_entry_generic,
          special_room
Lair:4:   portal_ice_cave_entry_pillars_01, minivault_24,
          infiniplex_staircase_pool
Lair:6:   serial_bayou_shore_b
Lab:      labyrinth_green, nicolae_lab_grate_2, labyrinth_skeletal_remains
IceCv:    ice_cave_statue_garden_02

Action                   |  1- 3 |  4- 6 |  7- 9 | 10-12 || total
-------------------------+-------+-------+-------+-------++-------
Melee: Unarmed           |    51 |   184 |   340 |   612 ||  1187
Throw: Javelin           |       |       |       |     5 ||     5
Invok: Temporal Distorti |       |     2 |       |     5 ||     7
       Slouch            |       |       |       |    10 ||    10
       Bend Time         |       |       |       |     1 ||     1
Evoke: Wand              |       |     7 |     9 |     3 ||    19
       Lamp of fire      |       |       |     1 |     1 ||     2
  Use: Scroll            |       |     4 |     8 |    13 ||    25
       Potion            |       |       |       |     9 ||     9
 Stab: Sleeping          |     3 |     1 |     1 |     2 ||     7
       Invisible         |       |       |       |    12 ||    12
  Eat: Chunk             |       |     1 |     2 |     5 ||     8
       Fruit             |       |       |     1 |     3 ||     4
       Beef jerky        |       |       |       |     1 ||     1
